 Dungeon Crawl Stone Soup version 0.31-a0-844-gdc52ec4e09 (webtiles) character file.

Game seed: 8856682030180244175

66 Kurtz the Chopper (level 4, -3/31 HPs)
             Began as an Octopode Fighter on Sept 30, 2023.
             Slain by an orc wizard
             ... wielding a +0 dagger
              (4 damage)
             ... on level 3 of the Dungeon.
             The game lasted 00:00:50 (1574 turns).

Kurtz the Chopper (Octopode Fighter)                Turns: 1574, Time: 00:00:51

Health: -3/31      AC:  1    Str: 15    XL:     4   Next: 15%
Magic:  4/4        EV: 13    Int: 10    God:
Gold:   72         SH:  4    Dex: 13    Spells: 3/3 levels left

rFire   . . .        a - +0 war axe
rCold   . . .        b - +0 buckler
rNeg    . . .        (helmet restricted)
rPois   .            (no amulet)
rElec   .            (no ring)
rCorr   .            (no ring)
SInv    .            (no ring)
Will    .....        (no ring)
Stlth   ++           (no ring)
HPRegen 0.25/turn    (no ring)
MPRegen 0.09/turn    (no ring)
                     (no ring)

%: no passive effects
@: no status effects
A: almost no armour, amphibious, 8 rings, camouflage 1, gelatinous body 1,
(nimble swimmer 1), tentacles
a: no special abilities


You were on level 3 of the Dungeon.
You visited 1 branch of the dungeon, and saw 3 of its levels.

You collected 72 gold pieces.

Inventory:

Hand Weapons
 a - a +0 war axe (weapon)
Armour
 b - a +0 buckler (worn)
Jewellery
 f - a ring of willpower
Scrolls
 d - 3 scrolls of identify {unknown}
 e - 2 scrolls of vulnerability {unknown}
 g - a scroll of enchant weapon {unknown}
 h - a scroll of enchant armour {unknown}
 i - a scroll of revelation {unknown}
Potions
 c - a potion of might
 j - a potion of heal wounds {unknown}
 k - a potion of haste {unknown}
 l - a potion of cancellation {unknown}
 m - a potion of curing {unknown}
 n - a potion of resistance {unknown}


   Skills:
 - Level 3.0 Fighting
 * Level 4.3 Axes
 - Level 3.0 Dodging
 - Level 3.0 Shields


You had 3 spell levels left.
You didn't know any spells.
Your spell library was empty.

Dungeon Overview and Level Annotations

Branches:
Dungeon (3/15)

Altars:


Innate Abilities, Weirdness & Mutations

You cannot wear most types of armour.
You are amphibious.
You can wear up to eight rings at the same time.
Your skin changes colour to match your surroundings (Stealth+).
Your rubbery body absorbs attacks. (AC +1, EV +1)
((You are camouflaged when in or above water. (Stealth+)))
You have tentacles for arms and can constrict up to eight enemies at once.


Message History

Deactivating autopickup; reactivate with Ctrl-A.
An orc comes into view. It is wielding a +0 whip.
You block the orc's attack.
Unknown command.
You hit the orc. You squeeze the orc, but do no damage.
The orc is heavily wounded.
You constrict the orc.
You kill the orc!
You hit the orc but do no damage. You grab the orc. You squeeze the orc.
The orc is heavily wounded.
You constrict the orc. The orc hits you but does no damage.
The orc closely misses you.
Unknown command.
You hit the orc.
You kill the orc!
Unknown command.
You closely miss the orc. You grab the orc. You constrict the orc.
You block the orc's attack.
You slash the orc!
You kill the orc!
You hear some strange, mumbled words.
Something tries to affect you, but you resist.
Unknown command.
No target in view!
Unknown command.
No target in view!
No target in view!
You hit something but do no damage. Something hits you.
You miss something. Something hits you.
You barely miss something. Something hits you. x2
* * * LOW HITPOINT WARNING * * *
You slash something! Something hits you.
* * * LOW HITPOINT WARNING * * *
You hit something but do no damage. Something hits you.
* * * LOW HITPOINT WARNING * * *
Unknown command.
You miss something. Something hits you.
* * * LOW HITPOINT WARNING * * *
Something hits you.
You die...

#.#### #.#
#....# #.#
####.# #.#
#†# #.# #.#
..# #.# #.#
#########
#.#
#..:....###
#.#
#@#.#..oooo
#.###{#...#
#...).)#.##
#####....#
#.#### #..
####


There were no monsters in sight!

Vanquished Creatures
  An adder (D:3)
  A dart slug (D:1)
  9 orcs (D:3)
  A ball python (D:3)
  3 bats
  An endoplasm (D:3)
  A giant cockroach (D:2)
  2 goblins (D:1)
  A hobgoblin (D:1)
  6 jackals (D:2)
  5 kobolds
  2 quokkas
  5 frilled lizards
  4 rats
42 creatures vanquished.

Notes
Turn   | Place    | Note
-------+----------+-------------------------------------------
     0 | D:1      | Kurtz the Octopode Fighter began the quest for the Orb.
     0 | D:1      | Reached XP level 1. HP: 16/16 MP: 1/1
    63 | D:1      | Reached XP level 2. HP: 20/21 MP: 2/2
   319 | D:1      | Reached skill level 3 in Axes
   455 | D:1      | Found a faded altar of an unknown god.
   703 | D:2      | Reached XP level 3. HP: 23/26 MP: 3/3
  1549 | D:3      | Reached skill level 4 in Axes
  1562 | D:3      | Reached XP level 4. HP: 31/31 MP: 4/4
  1574 | D:3      | HP: 1/31 [something (3)]
  1574 | D:3      | Slain by an orc wizard

Illustrated notes

Levels and vault maps discovered:
D:1:      dpeg_arrival_rooms_with_view, layout_rooms,
          shapermc_ecumenical_altar_totnotflames, minmay_misc_feat_roman,
          solitary_fountain
D:2:      layout_basic
D:3:      layout_loops_cross

Skill      XL: |  1  2  3 |
---------------+----------+-----
Axes           | 3 4 |  4.3
Fighting       | |  3.0
Dodging        | |  3.0
Shields        | |  3.0

Action                     |  1- 3 |  4- 6 || total
---------------------------+-------+-------++-------
  Melee: War axe           |    62 |    12 ||    74
         Constrict         |    22 |     3 ||    25
         Tentacles         |    17 |     2 ||    19
         Punch             |     1 |       ||     1
   Stab: Sleeping          |     5 |       ||     5
 Armour: Skin              |    25 |    10 ||    35
  Dodge: Dodged            |    33 |     1 ||    34
  Block: Buckler           |    17 |     2 ||    19

Table legend: (Time is in decaauts)
 A = Elapsed time spent in this place.
 B = Non-inter-level travel time spent in this place.
 C = Inter-level travel time spent in this place.
 D = Time resting spent in this place.
 E = Time spent auto-exploring this place.
 F = Levels seen in this place.
 G = Mean time per level.
                   A        B        C        D        E       F      G
               +--------+--------+--------+--------+--------+-----+--------+
         Total |   1605 |   1561 |     44 |      0 |   1293 |   3 |  535.0 |
       Dungeon |   1605 |   1561 |     44 |      0 |   1293 |   3 |  535.0 |
               +--------+--------+--------+--------+--------+-----+--------+

Top non-repeatable levels by time:
     D:2: 889 daAuts
     D:1: 547 daAuts
     D:3: 168 daAuts
